 Dungeon Sprint DCSS version 0.29.1-12-g30fa7ad0bf (webtiles) character file.

Game seed: 12150172063902515849

159 boopmooplesden the Carver (level 5, -3/55 HPs)
             Began as a Minotaur Berserker on Dec 13, 2022.
             Was a Priest of Trog.
             Slain by an iguana (7 damage)
             ... in the Dungeon (Sprint IX: "|||||||||||||||||||||||||||||").
             The game lasted 00:00:14 (154 turns).

boopmooplesden the Carver (Minotaur Berserker)       Turns: 154, Time: 00:00:15

Health: -3/55      AC:  2    Str: 22    XL:     5   Next: 17%
Magic:  4/4        EV: 13    Int:  4    God:    Trog [***...]
Gold:   0          SH:  0    Dex: 11    Spells: 4/4 levels left

rFire   . . .      SeeInvis .   a - +0 falchion
rCold   . . .      Faith    .   (no shield)
rNeg    . . .      Spirit   .   b - +0 animal skin
rPois   .          Reflect  .   (helmet restricted)
rElec   .          Harm     .   (no cloak)
rCorr   .          Rampage  .   (no gloves)
Will    .....      NoTele   +   (no boots)
Stlth   +.........              (no amulet)
HPRegen 0.18/turn               (no ring)
MPRegen 0.09/turn               (no ring)

@: on berserk cooldown, slowed, very slow
A: horns 2, retaliatory headbutt
a: Renounce Religion, Berserk, Trog's Hand


You were in the Dungeon.
You worshipped Trog.
Trog was most pleased with you.
You visited 1 branch

Inventory:

Hand Weapons
 a - a +0 falchion (weapon)
Armour
 b - a +0 animal skin (worn)
Scrolls
 h - a scroll of blinking
Potions
 c - a potion of curing
 d - a potion of heal wounds
 e - a potion of haste
 f - 2 potions of magic
 g - a potion of berserk rage


   Skills:
 + Level 8.3 Fighting
 + Level 8.8 Long Blades
 + Level 4.6 Armour
 + Level 4.7 Dodging


You had 4 spell levels left.
You didn't know any spells.
Your spell library was empty.

Dungeon Overview and Level Annotations

Branches:
Dungeon (1/1)

Altars:


Innate Abilities, Weirdness & Mutations

You have a pair of horns on your head.
You reflexively headbutt those who attack you in melee.


Message History

You slice the black bear!! You headbutt the black bear.
You kill the black bear!
Trog accepts your kill.
Your Fighting skill gained 2 levels and is now at level 8!
Your Long Blades skill increases to level 8!
Your Armour skill increases to level 4!
Your Dodging skill increases to level 4!
You have reached level 5!
You are no longer berserk.
You are exhausted.
You feel yourself slow down. The orc barely misses you.
You see here a black bear corpse.
You hit the orc.
The orc is lightly wounded.
The orc closely misses you.
You hit the orc.
The orc is almost dead.
The orc hits you with a +0 club.
* * * LOW HITPOINT WARNING * * *
You hit the orc.
You kill the orc!
Trog accepts your kill. The iguana misses you.
You slash the iguana!
The iguana is severely wounded.
The iguana bites you.
* * * LOW HITPOINT WARNING * * *
You barely miss the iguana. Your headbutt misses the iguana.
The iguana is severely wounded.
The iguana barely misses you. You furiously retaliate!
You headbutt the iguana. You barely miss the iguana.
The iguana is severely wounded.
The iguana bites you.
* * * LOW HITPOINT WARNING * * *
The iguana bites you.
* * * LOW HITPOINT WARNING * * *
You hit the iguana but do no damage.
The iguana is severely wounded.
The iguana bites you!
You die...

▓.▓
▓'▓
▓)▓
▓.▓
▓.▓
▓.▓
▓.▓
▓)▓
▓@▓
▓l▓
▓.▓
▓.▓
▓.▓
▓+▓


You could see an iguana.

Vanquished Creatures
  A black bear (D)
  A necrophage (D)
  2 orcs (D)
  2 ball pythons (D)
  An endoplasm (D)
  A goblin (D)
  A quokka (D)
9 creatures vanquished.

Notes
Turn   | Place    | Note
-------+----------+-------------------------------------------
     0 | D        | boopmooplesden the Minotaur Berserker began the quest for
                  | the Orb.
     0 | D        | Reached XP level 1. HP: 19/19 MP: 0/0
     9 | D        | Reached ** piety under Trog
   134 | D        | Noticed a necrophage
   134 | D        | Noticed a black bear
   134 | D        | Noticed an iguana
   142 | D        | Killed a necrophage
   143 | D        | Reached XP level 2. HP: 13/31 MP: 1/1
   143 | D        | Reached XP level 3. HP: 16/38 MP: 2/2
   143 | D        | Reached XP level 4. HP: 19/45 MP: 3/3
   144 | D        | Reached *** piety under Trog
   146 | D        | Killed a black bear
   147 | D        | Reached XP level 5. HP: 22/55 MP: 4/4
   154 | D        | Slain by an iguana

Illustrated notes

Levels and vault maps discovered:
D:        linesprint [early_d, line_temple, items_1, d_10, items_2, lair_1,
          lair_end, items_3, orc_1, orc_end, items_4, d_15, swamp_1, shoals_1,
          snake_1, spider_1, d_20, vaults_1, items_5, swamp_end, shoals_end,
          snake_end, spider_end, vaults_end, d_27, items_6, zot_1, zot_end,
          crypt_end, forest_end, elf_end, slime_end, tomb_end, abyss_end,
          pan_hell_end]

Skill      XL: |  1  2  3  4 |
---------------+-------------+-----
Fighting       | 6 8 |  8.3
Long Blades    | 6 8 |  8.8
Armour         | 3 4 |  4.6
Dodging        | 3 4 |  4.7

Action                   |  1- 3 |  4- 6 || total
-------------------------+-------+-------++-------
Melee: Falchion          |    16 |    10 ||    26
       Punch             |     1 |       ||     1
       Headbutt          |       |     1 ||     1
Invok: Berserk           |     1 |       ||     1
Armor: Animal skin       |     1 |       ||     1
Dodge: Dodged            |     9 |     7 ||    16
